TOP OF THE 1ST |
Coweta HS Tigers batting - Pitching for Mountain Pointe HS : LHP Paul Carson
|
Pitching: LHP Paul Carson
|
|
Batting: RHB Ramiro Javier
|
0-0: Ball 1-0: Foul Ball, location: 2F 1-1: SINGLE (Line Drive, 34D)
|
Batting: RHB Phil Shaw
|
0-0: Ball 1-0: Called Strike 1-1: Ball 2-1: Called Strike 2-2: Strikes out swinging
|
Batting: RHB José Cisneros
|
0-0: Ball Ramiro Javier is caught stealing 2nd base 1-0: Foul Ball, location: 2F 1-1: Swinging Strike 1-2: Foul Ball, location: 2F 1-2: Ball 2-2: SINGLE (Line Drive, 56D)
|
Batting: RHB Héctor Vázquez
|
0-0: Foul Ball, location: 2F 0-1: Ball 1-1: Ground out 6-3 (Groundball, 6)
|
Top of the 1st over - 0 run(s), 2 hit(s), 0 error(s), 1 left on base; Coweta HS 0 - Mountain Pointe HS 0 |
BOTTOM OF THE 1ST |
Mountain Pointe HS batting - Pitching for Coweta HS Tigers : LHP Eric Young
|
Pitching: LHP Eric Young
|
|
Batting: RHB Scott Dixon
|
0-0: Called Strike 0-1: Ball 1-1: Foul Ball, location: 2F 1-2: Ball 2-2: SINGLE (Groundball, 6D)
|
Batting: RHB Jon Newsome
|
0-0: Ball 1-0: DOUBLE (Flyball, 78D) Scott Dixon to third
|
Batting: RHB Jamie Swyers
|
0-0: Swinging Strike 0-1: Swinging Strike 0-2: Fly out, F8 (Flyball, 89S)
|
Batting: RHB Monty Crawford
|
0-0: Ball 1-0: Ball 2-0: Ball 3-0: Base on Balls
|
Batting: RHB Ben Wilson
|
0-0: Ball 1-0: Foul Ball, location: 2F 1-1: Foul Ball, location: 2F 1-2: Ball 2-2: Grounds into fielders choice 1-2 (Groundball, 13S) Jon Newsome to third Monty Crawford to second
|
Batting: LHB Brian Turner
|
0-0: Ball 1-0: SINGLE (Groundball, 56) Jon Newsome scores Monty Crawford to third Ben Wilson to second Runner from 3rd tries for Home, SAFE, no throw or cutoff
|
Batting: RHB Charlie Pérez
|
0-0: Swinging Strike 0-1: Ball 1-1: Ball 2-1: Ball 3-1: Fly out, F8 (Flyball, 8RD)
|
Bottom of the 1st over - 2 run(s), 3 hit(s), 0 error(s), 2 left on base; Coweta HS 0 - Mountain Pointe HS 2 |
TOP OF THE 2ND |
Coweta HS Tigers batting - Pitching for Mountain Pointe HS : LHP Paul Carson
|
Batting: LHB Jim Clemente
|
0-0: Ground out 5-3 (Groundball, 56)
|
Batting: RHB Ben Johnson
|
0-0: Ball 1-0: Ball 2-0: Ball 3-0: Base on Balls
|
Batting: RHB Dusty Green
|
0-0: Called Strike 0-1: Ball 1-1: Foul Ball, location: 2F 1-2: Foul Ball, location: 2F 1-2: Fielders Choice at 2nd, 3-6 (Groundball, 3)
|
Batting: RHB Jon Waller
|
0-0: Ground out 6-3 (Groundball, 6)
|
Top of the 2nd over - 0 run(s), 0 hit(s), 0 error(s), 1 left on base; Coweta HS 0 - Mountain Pointe HS 2 |
BOTTOM OF THE 2ND |
Mountain Pointe HS batting - Pitching for Coweta HS Tigers : LHP Eric Young
|
Batting: RHB Marshall Gross
|
0-0: Called Strike 0-1: Ball 1-1: Ball 2-1: Ball 3-1: Base on Balls
|
Batting: RHB Troy Legge
|
0-0: Ball 1-0: Called Strike 1-1: Ball 2-1: SINGLE (Flyball, 89M) Marshall Gross to second Throwing error, E8 Marshall Gross scores Troy Legge to second
|
Batting: RHB Scott Dixon
|
0-0: Foul Ball, location: 2F 0-1: Ball 1-1: Hit by Pitch
|
Batting: RHB Jon Newsome
|
0-0: Foul Ball, location: 2F 0-1: Foul Ball, location: 2F 0-2: Strikes out swinging
|
Batting: RHB Jamie Swyers
|
0-0: Ball 1-0: Ball 2-0: Ball 3-0: Base on Balls Troy Legge to third Scott Dixon to second
|
Batting: RHB Monty Crawford
|
0-0: Ball 1-0: Ball 2-0: Called Strike 2-1: Ball 3-1: Base on Balls Troy Legge scores Scott Dixon to third Jamie Swyers to second
|
Batting: RHB Ben Wilson
|
0-0: Called Strike 0-1: Ball 1-1: Foul Ball, location: 2F 1-2: GRAND SLAM HOME RUN (Flyball, 7D), Distance : 397 ft
|
Batting: LHB Brian Turner
|
0-0: Foul Ball, location: 2F 0-1: Ball 1-1: Foul Ball, location: 2F 1-2: Foul Ball, location: 2F 1-2: SINGLE (Groundball, 34)
|
Batting: RHB Charlie Pérez
|
0-0: Called Strike 0-1: Ground out 4-3 (Groundball, 13) Brian Turner to second
|
Batting: RHB Marshall Gross
|
0-0: Called Strike 0-1: Ball 1-1: Ball 2-1: SINGLE (Line Drive, 56D) Brian Turner to third Runner from 3rd tries for Home, SAFE, no throw or cutoff
|
Pitching: RHP Shane Burt
|
|
Batting: RHB Troy Legge
|
0-0: Ball 1-0: Ball 2-0: Ball 3-0: Called Strike 3-1: Base on Balls Marshall Gross to second
|
Batting: RHB Scott Dixon
|
0-0: Foul Ball, location: 2F 0-1: Fielders Choice at 2nd, U6 (Groundball, 6M)
|
Bottom of the 2nd over - 7 run(s), 4 hit(s), 1 error(s), 2 left on base; Coweta HS 0 - Mountain Pointe HS 9 |
TOP OF THE 3RD |
Coweta HS Tigers batting - Pitching for Mountain Pointe HS : LHP Paul Carson
|
Batting: SHB Jessie Teague
|
0-0: Called Strike 0-1: Ground out 3-1 (Groundball, 34)
|
Batting: RHB Ramiro Javier
|
0-0: SINGLE (Groundball, 4D)
|
Batting: RHB Phil Shaw
|
0-0: Called Strike Pickoff Throw to First - Out! 0-1: Swinging Strike 0-2: Strikes out swinging
|
Top of the 3rd over - 0 run(s), 1 hit(s), 0 error(s), 0 left on base; Coweta HS 0 - Mountain Pointe HS 9 |
BOTTOM OF THE 3RD |
Mountain Pointe HS batting - Pitching for Coweta HS Tigers : RHP Shane Burt
|
Batting: RHB Jon Newsome
|
0-0: Ball 1-0: Ball 2-0: Ball 3-0: Base on Balls
|
Batting: RHB Jamie Swyers
|
0-0: Called Strike 0-1: Ball 1-1: Ball 2-1: Ball 3-1: Called Strike 3-2: Fielders Choice at 2nd, 1-6 (Groundball, 15)
|
Batting: RHB Monty Crawford
|
0-0: Ball 1-0: Called Strike 1-1: Swinging Strike 1-2: Ball 2-2: Strikes out swinging
|
Batting: RHB Ben Wilson
|
0-0: Ball Jamie Swyers is caught stealing 2nd base
|
Bottom of the 3rd over - 0 run(s), 0 hit(s), 0 error(s), 0 left on base; Coweta HS 0 - Mountain Pointe HS 9 |
TOP OF THE 4TH |
Coweta HS Tigers batting - Pitching for Mountain Pointe HS : LHP Paul Carson
|
Batting: RHB José Cisneros
|
0-0: Ball 1-0: Ball 2-0: Foul Ball, location: 2F 2-1: Foul Ball, location: 2F 2-2: Ball 3-2: SINGLE (Line Drive, 4MD)
|
Batting: RHB Héctor Vázquez
|
0-0: Ball 1-0: Foul Ball, location: 2F 1-1: Ball 2-1: Foul Ball, location: 2F 2-2: SINGLE (Line Drive, 6D) José Cisneros to second
|
Batting: LHB Jim Clemente
|
0-0: Called Strike 0-1: Foul Ball, location: 2F 0-2: Strikes out swinging
|
Batting: RHB Ben Johnson
|
0-0: Fly out, F7 (Flyball, 7M)
|
Batting: RHB Dusty Green
|
0-0: SINGLE (Groundball, 4MD) José Cisneros to third Héctor Vázquez to second Runner from 3rd tries for Home, SAFE, no throw or cutoff
|
Batting: RHB Jon Waller
|
Single, Error in OF, E7, batter to second base Héctor Vázquez scores Dusty Green to third
|
Batting: SHB Jessie Teague
|
0-0: Ball 1-0: Ball 2-0: Foul Ball, location: 2F 2-1: Foul Ball, location: 2F 2-2: Ball 3-2: Base on Balls
|
Batting: RHB Ramiro Javier
|
0-0: Swinging Strike 0-1: Ball 1-1: Fly out, F8 (Flyball, 8RS)
|
Top of the 4th over - 2 run(s), 4 hit(s), 1 error(s), 3 left on base; Coweta HS 2 - Mountain Pointe HS 9 |
BOTTOM OF THE 4TH |
Mountain Pointe HS batting - Pitching for Coweta HS Tigers : RHP Shane Burt
|
Batting: RHB Ben Wilson
|
0-0: Called Strike 0-1: Foul Ball, location: 2F 0-2: Ball 1-2: Foul Ball, location: 2F 1-2: Ball 2-2: Foul Ball, location: 2F 2-2: Ball 3-2: SINGLE (Line Drive, 9S)
|
Batting: LHB Brian Turner
|
0-0: Called Strike Ben Wilson steals 2nd base 0-1: Fly out, F8 (Flyball, 8LD) Runner from 2nd tags up, SAFE at 3rd, no throw
|
Batting: RHB Charlie Pérez
|
0-0: Ball 1-0: Ball 2-0: Called Strike 2-1: Ball 3-1: Fly out, F3 (Popup, 3L)
|
Batting: RHB Marshall Gross
|
0-0: Fly out, F8 (Flyball, 8RM)
|
Bottom of the 4th over - 0 run(s), 1 hit(s), 0 error(s), 1 left on base; Coweta HS 2 - Mountain Pointe HS 9 |
TOP OF THE 5TH |
Coweta HS Tigers batting - Pitching for Mountain Pointe HS : LHP Paul Carson
|
Batting: RHB Phil Shaw
|
0-0: Ball 1-0: Called Strike 1-1: Ground out 5-3 (Groundball, 56S)
|
Batting: RHB José Cisneros
|
0-0: Ball 1-0: Foul Ball, location: 2F 1-1: Foul Ball, location: 2F 1-2: Ball 2-2: Ground out 5-3 (Groundball, 56S)
|
Batting: RHB Héctor Vázquez
|
0-0: Swinging Strike 0-1: Ball 1-1: Foul Ball, location: 2F 1-2: Ball 2-2: Foul Ball, location: 2F 2-2: Ball 3-2: Base on Balls
|
Batting: LHB Jim Clemente
|
0-0: Ball 1-0: Ground out 5-3 (Groundball, 56S)
|
Top of the 5th over - 0 run(s), 0 hit(s), 0 error(s), 1 left on base; Coweta HS 2 - Mountain Pointe HS 9 |
BOTTOM OF THE 5TH |
Mountain Pointe HS batting - Pitching for Coweta HS Tigers : RHP Shane Burt
|
Batting: RHB Troy Legge
|
0-0: Called Strike 0-1: Foul Ball, location: 2F 0-2: Ball 1-2: Fly out, F9 (Flyball, 9S)
|
Batting: RHB Scott Dixon
|
0-0: Foul Ball, location: 2F 0-1: Fly out, F4 (Line Drive, 4D)
|
Batting: RHB Jon Newsome
|
0-0: Ball 1-0: Called Strike 1-1: Fly out, F7 (Flyball, 78M)
|
Bottom of the 5th over - 0 run(s), 0 hit(s), 0 error(s), 0 left on base; Coweta HS 2 - Mountain Pointe HS 9 |
TOP OF THE 6TH |
Coweta HS Tigers batting - Pitching for Mountain Pointe HS : LHP Paul Carson
|
Batting: RHB Ben Johnson
|
0-0: Called Strike 0-1: SINGLE (Groundball, 6MD)
|
Batting: RHB Dusty Green
|
0-0: Foul Ball, location: 2F 0-1: Grounds into double play, 5-4-3 (Groundball, 56)
|
Batting: RHB Jon Waller
|
0-0: Called Strike 0-1: Foul Ball, location: 2F 0-2: SINGLE (Groundball, 34D)
|
Pitching: RHP Tom Emery
|
|
Batting: SHB Jessie Teague
|
0-0: Called Strike Jon Waller steals 2nd base 0-1: Ball 1-1: Ball 2-1: Ball 3-1: Foul Ball, location: 2F 3-2: Fly out, F7 (Flyball, 8LD)
|
Top of the 6th over - 0 run(s), 2 hit(s), 0 error(s), 1 left on base; Coweta HS 2 - Mountain Pointe HS 9 |
BOTTOM OF THE 6TH |
Mountain Pointe HS batting - Pitching for Coweta HS Tigers : RHP Shane Burt
|
Batting: RHB Jamie Swyers
|
0-0: Ball 1-0: Called Strike 1-1: Ball 2-1: Ball 3-1: Base on Balls
|
Pitching: RHP Vic Curtis
|
|
Batting: RHB Monty Crawford
|
0-0: Swinging Strike 0-1: Ball 1-1: Foul Ball, location: 2F 1-2: Foul Ball, location: 2F 1-2: Strikes out looking
|
Batting: RHB Ben Wilson
|
0-0: Called Strike 0-1: Ball 1-1: Ball 2-1: Ball 3-1: Called Strike 3-2: Strikes out swinging
|
Batting: LHB Brian Turner
|
0-0: Ball 1-0: Ball Wild Pitch! Jamie Swyers to second 2-0: Ball 3-0: Base on Balls
|
Batting: RHB Charlie Pérez
|
0-0: Ball Passed Ball! Jamie Swyers to third Brian Turner to second 1-0: Called Strike 1-1: Ground out 6-3 (Groundball, 6M)
|
Bottom of the 6th over - 0 run(s), 0 hit(s), 0 error(s), 2 left on base; Coweta HS 2 - Mountain Pointe HS 9 |
TOP OF THE 7TH |
Coweta HS Tigers batting - Pitching for Mountain Pointe HS : RHP Tom Emery
|
Batting: RHB Ramiro Javier
|
0-0: Called Strike 0-1: Fly out, F2 (Popup, 2RF)
|
Batting: RHB Phil Shaw
|
0-0: Ball 1-0: SOLO HOME RUN (Flyball, 7D), Distance : 393 ft
|
Batting: RHB José Cisneros
|
0-0: Ball 1-0: Foul Ball, location: 2F 1-1: SINGLE (Groundball, 56D)
|
Batting: RHB Héctor Vázquez
|
0-0: Ball 1-0: Called Strike 1-1: Called Strike 1-2: Ball 2-2: Ball 3-2: Strikes out swinging
|
Batting: LHB Jim Clemente
|
0-0: Ball 1-0: Foul Ball, location: 2F 1-1: Ball 2-1: Foul Ball, location: 2F 2-2: Foul Ball, location: 2F 2-2: Foul Ball, location: 2F 2-2: Strikes out swinging
|
Top of the 7th over - 1 run(s), 2 hit(s), 0 error(s), 1 left on base; Coweta HS 3 - Mountain Pointe HS 9 |
BOTTOM OF THE 7TH |
Mountain Pointe HS batting - Pitching for Coweta HS Tigers : RHP Vic Curtis
|
Batting: RHB Marshall Gross
|
0-0: Foul Ball, location: 2F 0-1: Ball Single, Error in OF, E9, batter to second base
|
Batting: RHB Troy Legge
|
0-0: Fly out, F6 (Popup, 6S)
|
Batting: RHB Scott Dixon
|
0-0: Ground out 6-3 (Groundball, 6M) Marshall Gross to third
|
Batting: RHB Jon Newsome
|
0-0: SINGLE (Line Drive, 89S) Marshall Gross scores
|
Batting: RHB Jamie Swyers
|
0-0: Ball 1-0: Ball 2-0: Foul Ball, location: 2F 2-1: Ground out 1-3 (Groundball, 13S)
|
Bottom of the 7th over - 1 run(s), 2 hit(s), 1 error(s), 1 left on base; Coweta HS 3 - Mountain Pointe HS 10 |
TOP OF THE 8TH |
Coweta HS Tigers batting - Pitching for Mountain Pointe HS : RHP Tom Emery
|
Batting: RHB Ben Johnson
|
0-0: Ball 1-0: Called Strike 1-1: Foul Ball, location: 2F 1-2: Ball 2-2: Strikes out swinging
|
Batting: RHB Dusty Green
|
0-0: Foul Ball, location: 2F 0-1: Ball 1-1: Fly out, F6 (Popup, 56D)
|
Batting: RHB Jon Waller
|
0-0: Called Strike 0-1: Called Strike 0-2: SINGLE (Groundball, 4D)
|
Batting: SHB Jessie Teague
|
0-0: Foul Ball, location: 2F 0-1: Ball 1-1: Ball 2-1: Ball 3-1: Base on Balls Jon Waller to second
|
Batting: RHB Ramiro Javier
|
0-0: Ball 1-0: Ground out 6-3 (Groundball, 6)
|
Top of the 8th over - 0 run(s), 1 hit(s), 0 error(s), 2 left on base; Coweta HS 3 - Mountain Pointe HS 10 |
BOTTOM OF THE 8TH |
Mountain Pointe HS batting - Pitching for Coweta HS Tigers : RHP Vic Curtis
|
Pitching: RHP Judd Anderson
|
|
Batting: RHB Monty Crawford
|
0-0: Swinging Strike 0-1: Swinging Strike 0-2: Fly out, F7 (Flyball, 7M)
|
Batting: RHB Ben Wilson
|
0-0: Ball 1-0: Ball 2-0: Called Strike 2-1: Ball 3-1: Called Strike 3-2: Ground out 1-3 (Groundball, 13S)
|
Batting: LHB Brian Turner
|
0-0: Fly out, F7 (Flyball, 78S)
|
Bottom of the 8th over - 0 run(s), 0 hit(s), 0 error(s), 0 left on base; Coweta HS 3 - Mountain Pointe HS 10 |
TOP OF THE 9TH |
Coweta HS Tigers batting - Pitching for Mountain Pointe HS : RHP Tom Emery
|
Batting: RHB Phil Shaw
|
0-0: Ball 1-0: Ball 2-0: Ball 3-0: Base on Balls
|
Batting: RHB José Cisneros
|
0-0: Swinging Strike 0-1: Swinging Strike 0-2: Ball Passed Ball! Phil Shaw to second 1-2: Ball 2-2: Foul Ball, location: 2F 2-2: Ball 3-2: Foul Ball, location: 2F 3-2: Foul Ball, location: 2F 3-2: Strikes out looking
|
Pitching: RHP Curt Cremen
|
|
Batting: RHB Héctor Vázquez
|
0-0: Ground out 6-3 (Groundball, 6M) Phil Shaw to third
|
Batting: LHB Jim Clemente
|
0-0: Ball 1-0: Called Strike 1-1: DOUBLE (Line Drive, 8RS) Phil Shaw scores
|
Batting: RHB Ben Johnson
|
0-0: Ball 1-0: Called Strike 1-1: Foul Ball, location: 2F 1-2: Ground out 4-3 (Groundball, 4)
|
Top of the 9th over - 1 run(s), 1 hit(s), 0 error(s), 1 left on base; Coweta HS 4 - Mountain Pointe HS 10 |
|